AoeStats
← KootH.

Arena

506779758Analyzed
4v4 RM · 17d ago on Sep 15, 2026· 39m 11s· 8 players
Game mode
Random Map
Map size
Large (8 player)
Population
200
Speed
Normal
Resources
Standard
Victory
Conquest
Starting age
Dark Age
Ending age
Imperial Age
RankedLock teamsTeams togetherTeam positionsShared explorationLock speedFull tech treeHidden civsTurbo modeCheats
Victory
Defeat
🇺🇸 Celts · United States
1324
+20
🇺🇸 Khitans · United States
1319
+20
🇺🇸 Cumans · United States
1307
+20
🇺🇸 Khmer · United States
1288
+20
🇨🇴 Khmer · Colombia
1429
-21
🇨🇳 Bohemians · China
1424
-21
🇺🇸 Spanish · United States
1380
-19
🇲🇦 Persians · Morocco
1374
-19
No-One-Knows-Me
4:57 Loom
9:53 Feudal Age
13:03 Wheelbarrow
16:24 Castle Age
15:05 Double-Bit Axe
16:10 Horse Collar
20:29 Town Watch
20:43 Gold Mining
23:33 Bow Saw
24:01 Heavy Plow
26:31 Wheelbarrow
26:22 Stone Mining
Returned_Legend
4:13 Loom
12:00 Feudal Age
13:12 Horse Collar
16:03 Castle Age
15:14 Double-Bit Axe
16:44 Heavy Plow
20:19 Bow Saw
21:26 Padded Archer Armor
24:51 Leather Archer Armor
28:02 Gold Mining
30:53 Wheelbarrow
30:29 Stone Mining
30:55 Fletching
31:19 Bloodlines
32:14 Hand Cart
32:18 Husbandry
33:08 Fortified Wall
38:25 Imperial Age
35:42 Town Watch
李雾月
10:30 Feudal Age
14:29 Castle Age
12:47 Double-Bit Axe
13:10 Horse Collar
21:13 Wheelbarrow
21:53 Bow Saw
22:51 Heavy Plow
22:39 Loom
23:58 Hand Cart
29:24 Imperial Age
26:51 Town Watch
26:50 Treadmill Crane
27:20 Scale Mail Armor
27:30 Forging
27:39 Wagenburg Tactics
27:48 Fortified Wall
27:39 Pikeman
28:19 Squires
28:05 Arson
28:37 Chain Mail Armor
29:37 Chemistry
30:25 Guilds
29:38 Houfnice
31:11 Conscription
30:53 Murder Holes
31:37 Iron Casting
31:04 Padded Archer Armor
31:34 Halberdier
32:46 Plate Mail Armor
31:49 Capped Ram
33:02 Siege Engineers
33:09 Masonry
KootH.
9:52 Feudal Age
13:04 Castle Age
11:33 Double-Bit Axe
12:42 Horse Collar
13:59 Bow Saw
SlickPOPI
11:20 Feudal Age
14:58 Castle Age
12:54 Double-Bit Axe
13:43 Horse Collar
15:56 Bloodlines
15:09 Light Cavalry
17:09 Husbandry
21:50 Wheelbarrow
21:03 Town Watch
22:47 Heavy Plow
25:29 Scale Barding Armor
26:55 Chain Barding Armor
27:14 Bloodlines
27:57 Hand Cart
27:40 Loom
30:34 Gold Mining
30:57 Forging
37:21 Imperial Age
37:18 Iron Casting
38:29 Gold Shaft Mining
37:45 Stone Mining
38:47 Plate Barding Armor
39:13 Blast Furnace
37:38 Elite Battle Elephant
FreakinAindreas16
3:14 Loom
11:24 Feudal Age
15:22 Castle Age
13:57 Double-Bit Axe
13:55 Horse Collar
16:13 Bow Saw
19:08 Heavy Plow
20:07 Gold Mining
24:10 Wheelbarrow
24:49 Scale Mail Armor
28:28 Arson
29:00 Chain Mail Armor
28:56 Forging
39:18 Imperial Age
37:04 Hand Cart
38:42 Hand Cart
37:52 Man-at-Arms
38:18 Gambesons
39:11 Iron Casting
Freestyle98
10:55 Feudal Age
12:43 Double-Bit Axe
14:10 Loom
16:54 Castle Age
15:42 Stone Mining
16:18 Domestication
17:15 Gold Mining
19:10 Bow Saw
20:05 Pastoralism
21:12 Forging
21:02 Scale Mail Armor
25:58 Wheelbarrow
29:54 Hand Cart
snowball I
9:09 Feudal Age
10:14 Double-Bit Axe
11:26 Horse Collar
19:06 Gold Mining
22:08 Castle Age
20:55 Scale Barding Armor
21:01 Forging
20:56 Loom
21:46 Wheelbarrow
20:57 Town Watch
21:46 Bloodlines
23:13 Heavy Plow
23:28 Bow Saw
23:57 Gold Shaft Mining
23:13 Stone Mining
23:46 Hand Cart
24:21 Iron Casting
23:55 Light Cavalry
24:58 Chain Barding Armor
40:02 Imperial Age
Connection lost

Rejoining the realm…

Still unreachable

The connection could not be restored.

Session expired

The server has moved on; the page needs a fresh start.